 Dungeon Crawl Stone Soup version 0.29-a0-490-g77b3608bb8 (webtiles) character file.

Game seed: 4028280085315299403

44 happo123 the Sneak (level 3, -1/20 HPs)
             Began as a Kobold Enchanter on May 26, 2022.
             Slain by a jackal (3 damage)
             ... on level 2 of the Dungeon.
             The game lasted 00:04:20 (1186 turns).

happo123 the Sneak (Kobold Enchanter)               Turns: 1186, Time: 00:04:21

Health: -1/20      AC:  2    Str:  5    XL:     3   Next: 87%
Magic:  2/6        EV: 15    Int: 18    God:
Gold:   31         SH:  0    Dex: 15    Spells: 1/6 levels left

rFire   . . .      SeeInvis .   a - +1 dagger
rCold   . . .      Faith    .   (no shield)
rNeg    . . .      Spirit   .   b - +0 robe
rPois   .          Reflect  .   (no helmet)
rElec   .          Harm     .   (no cloak)
rCorr   .          Rampage  .   (no gloves)
Will    .....                   (no boots)
Stlth   ++++......              (no amulet)
HPRegen 0.06/turn               (no ring)
MPRegen 0.10/turn               (no ring)

@: very slightly contaminated
A: small, no large weapons, nightstalker 3
a: no special abilities


You were on level 2 of the Dungeon.
You visited 1 branch of the dungeon, and saw 2 of its levels.

You collected 31 gold pieces.

Inventory:

Hand Weapons
 a - a +1 dagger (weapon)
Armour
 b - a +0 robe (worn)
 e - a +0 leather armour
Scrolls
 h - a scroll of enchant weapon {unknown}
Potions
 c - 2 potions of invisibility
 d - a potion of resistance {unknown}
 f - a potion of brilliance {unknown}
 g - a potion of attraction {unknown}


   Skills:
 + Level 1.1 Fighting
 + Level 2.1 Short Blades
 + Level 2.9 Dodging
 + Level 4.3 Stealth
 + Level 2.4 Spellcasting
 * Level 3.4 Hexes


You had one spell level left.
You knew the following spells:

 Your Spells              Type           Power      Damage    Failure   Level
a - Ensorcelled Hibernat  Hex/Ice        16%        N/A       13%         2
b - Tukima's Dance        Hex            14%        N/A       12%         3

Your spell library contained the following spells:

 Spells                   Type           Power      Damage    Failure   Level
 Apportation              Tloc           4%         N/A       17%         1
 Confusing Touch          Hex            14%        N/A       12%         3
 Dazzling Flash           Conj/Hex       16%        N/A       26%         3
 Yara's Violent Unravell  Hex/Tmut       4%         3d4       93%         5
 Alistair's Intoxication  Tmut/Pois      1%         N/A       99%         5
 Enfeeble                 Hex            7%         N/A       100%        7


Dungeon Overview and Level Annotations

Branches:
Dungeon (2/15)

Altars:


Innate Abilities, Weirdness & Mutations

You are small and have problems with some larger weapons.
You are completely attuned to the shadows.


Message History

A jackal comes into view.
The helpless jackal fails to defend itself.
You impale the jackal!!
You kill the jackal!
The adder hisses angrily.
The jackal barks!
The adder bites you.
You are poisoned.
The adder poisons you!
You hear a bark!
You barely miss the adder.
You feel sick. The adder bites you.
You are more poisoned.
The adder poisons you! The adder bites you but does no damage.
You closely miss the adder.
You feel sick.
A jackal comes into view.
The adder misses you. The jackal closely misses you.
You barely miss the adder.
You feel sick. The adder closely misses you. The jackal closely misses you.
You feel sick. The jackal attacks as you move away!
The jackal barely misses you.
You feel sick. The adder bites you but does no damage.
You feel sick. The jackal closely misses you.
Aiming: Ensorcelled Hibernation (safe; 13% risk of failure)
Press: ? - help, Q - select action Shift-Dir - straight line, f - adder
Aim: an adder (chance to affect: 50%)
You miscast Ensorcelled Hibernation.
You are very lightly contaminated with residual magic.
Nothing appears to happen.
You feel sick. The jackal misses you. The jackal completely misses you.
The adder bites you.
* * * LOW HITPOINT WARNING * * *
Aiming: Ensorcelled Hibernation (safe; 13% risk of failure)
Press: ? - help, Q - select action Shift-Dir - straight line, f/p - adder
Aim: an adder (chance to affect: 50%)
You miscast Ensorcelled Hibernation.
Nothing appears to happen.
You feel sick.
You are no longer poisoned.
The jackal closely misses you.
The jackal bites you but does no damage.
The adder bites you but does no damage. The jackal bites you.
You die...

######### ..
....!..# .#
#####.....# .#
....<....h##.###
#####...@S......
.....?h...###
...$..####.#
###.### .# #. .#


You could see an adder and 2 jackals.

Vanquished Creatures
  2 gnolls (D:1)
  An endoplasm (D:1)
  4 goblins (D:1)
  A hobgoblin (D:1)
  A jackal (D:2)
  4 ball pythons
  6 bats (D:1)
  2 frilled lizards (D:1)
  3 kobolds (D:1)
  A rat (D:1)
25 creatures vanquished.

Notes
Turn   | Place    | Note
-------+----------+-------------------------------------------
     0 | D:1      | happo123 the Kobold Enchanter began the quest for the Orb.
     0 | D:1      | Reached XP level 1. HP: 10/10 MP: 3/3
   230 | D:1      | Reached XP level 2. HP: 16/16 MP: 5/5
   233 | D:1      | Learned a level 2 spell: Ensorcelled Hibernation
   470 | D:1      | Reached XP level 3. HP: 20/20 MP: 6/6
   592 | D:1      | Found a faded altar of an unknown god.
   704 | D:1      | Reached skill level 1 in Fighting
  1168 | D:1      | Learned a level 3 spell: Tukima's Dance
  1186 | D:2      | Slain by a jackal

Illustrated notes

Levels and vault maps discovered:
D:1:      minmay_arrival_cross, layout_loops_corners,
          shapermc_ecumenical_altar_hornbeckon, st_stairs_14
D:2:      minmay_chambers_of_ones, layout_loops_ring, basic_altar

Skill      XL: |  1  2  3 |
---------------+----------+-----
Short Blades   | 2 |  2.1
Fighting       | 1 |  1.1
Dodging        | |  2.9
Stealth        | |  4.3
Spellcasting   | |  2.4
Hexes          | |  3.4

Action                   || total
-------------------------++-------
Melee: Dagger            ||    51
 Cast: Ensorcelled Hiber ||     4
 Stab: Sleeping          ||    15
Armor: Robe              ||     7
Dodge: Dodged            ||    36

Table legend: (Time is in decaauts)
 A = Elapsed time spent in this place.
 B = Non-inter-level travel time spent in this place.
 C = Inter-level travel time spent in this place.
 D = Time resting spent in this place.
 E = Time spent auto-exploring this place.
 F = Levels seen in this place.
 G = Mean time per level.
                   A        B        C        D        E       F      G
               +--------+--------+--------+--------+--------+-----+--------+
         Total |   1191 |   1146 |     45 |     34 |    939 |   2 |  595.5 |
       Dungeon |   1191 |   1146 |     45 |     34 |    939 |   2 |  595.5 |
               +--------+--------+--------+--------+--------+-----+--------+

Top non-repeatable levels by time:
     D:1: 1175 daAuts
     D:2: 16 daAuts
